 Dungeon Crawl Stone Soup version 0.29-a0-319-gad05b8d819 (webtiles) character file.

Game seed: 13994249987754224303

2 Krypt the Vexing (level 1, 0/7 HPs)
             Began as a Felid Enchanter on Apr 1, 2022.
             Slain by a ball python (1 damage)
             ... on level 1 of the Dungeon.
             The game lasted 00:00:56 (213 turns).

Krypt the Vexing (Felid Enchanter)                   Turns: 213, Time: 00:00:56

Health: 0/7        AC:  1    Str:  4    XL:     1   Next: 33%
Magic:  4/4        EV: 14    Int: 16    God:
Gold:   4          SH:  0    Dex: 16    Spells: 4/4 levels left
                                        Lives:  0   Deaths: 0

rFire   . . .      SeeInvis +     - Unarmed
rCold   . . .      Faith    .   (shield unavailable)
rNeg    . . .      Spirit   .   (body armour unavailable)
rPois   .          Reflect  .   (helmet unavailable)
rElec   .          Harm     .   (cloak unavailable)
rCorr   .          Rampage  .   (gloves unavailable)
Will    .....                   (boots unavailable)
Stlth   +++.......              (no amulet)
HPRegen 0.02/turn               (no ring)
MPRegen 0.09/turn               (no ring)

@: constricted, quick
A: very small, claws 1, fangs 3, see invisible, speed 1, shaggy fur 1, stealthy
paws, no weapons or thrown items, no armour, multi-lived
a: no special abilities


You were on level 1 of the Dungeon.
You visited 1 branch of the dungeon, and saw 1 of its levels.

You collected 4 gold pieces.

Inventory:

Scrolls
 b - a scroll of identify {unknown}
 c - a scroll of torment {unknown}
Potions
 a - 2 potions of invisibility


   Skills:
 + Level 2.9 Dodging
 + Level 4.1 Stealth
 + Level 1.0 Unarmed Combat
 + Level 2.0 Spellcasting
 + Level 4.4 Hexes


You had 4 spell levels left.
You didn't know any spells.
Your spell library contained the following spells:

 Spells                   Type           Power      Damage    Failure   Level
 Confusing Touch          Hex            15%        N/A       10%         3
 Tukima's Dance           Hex            15%        N/A       10%         3
 Ensorcelled Hibernation  Hex/Ice        16%        N/A       13%         2
 Dazzling Flash           Conj/Hex       16%        N/A       26%         3


Dungeon Overview and Level Annotations

Branches:
Dungeon (1/15)

Altars:


Innate Abilities, Weirdness & Mutations

You have sharp claws.
You have razor-sharp teeth.
You have supernaturally acute eyesight. (SInv)
You cover ground quickly. (Speed+)
You are covered in fur. (AC +1)
Your paws help you pounce on unaware monsters.
You are incapable of wielding weapons or throwing items.
You cannot wear armour.
You gain extra lives every three experience levels.


Message History

c - a scroll labelled TEOG DECIAGUUMM The goblin shouts!
A giant cockroach comes into view.
Things that are here:
a +0 dagger; 3 stones
There is an open door here.
The giant cockroach closely misses you.
You scratch the giant cockroach.
You kill the giant cockroach!
You see here a giant cockroach corpse.
There is an open door here.
A ball python is nearby!
The ball python barely misses you. The ball python closely misses you.
The ball python closely misses you. x2
You scratch the ball python.
The ball python is severely wounded.
The ball python barely misses you. The ball python completely misses you.
You barely miss the ball python.
The ball python is severely wounded.
The ball python barely misses you. x2
You scratch the ball python but do no damage.
The ball python is severely wounded.
The ball python misses you. The ball python closely misses you.
The ball python bites you. The ball python misses you.
You closely miss the ball python.
The ball python is severely wounded.
The goblin shouts!
The ball python closely misses you. The ball python grabs you.
The ball python constricts you.
You scratch the ball python but do no damage.
The ball python is severely wounded.
The ball python bites you.
* * * LOW HITPOINT WARNING * * *
The ball python constricts you.
* * * LOW HITPOINT WARNING * * *
You scratch the ball python but do no damage.
Your bite misses the ball python.
The ball python is severely wounded.
The ball python bites you.
You die...

#....###.# .#
####.###.# #
###...#.#
#.......###
#..........
#......###.
#....g.###.
#..........
#..@S....##
###.......##
###.####....
#...#.#....#
#.......#.#
#...#.......
##...########
#....# #.####


You could see a goblin and a ball python.

Vanquished Creatures
  A giant cockroach (D:1)
  A ball python (D:1)
  A kobold (D:1)
3 creatures vanquished.

Notes
Turn   | Place    | Note
-------+----------+-------------------------------------------
     0 | D:1      | Krypt the Felid Enchanter began the quest for the Orb.
     0 | D:1      | Reached XP level 1. HP: 7/7 MP: 4/4
   213 | D:1      | Slain by a ball python

Illustrated notes

Levels and vault maps discovered:
D:1:      ncdulo_smallfort, layout_basic, minmay_lizard_king

Action                   || total
-------------------------++-------
Melee: Unarmed           ||     9
 Stab: Sleeping          ||     2
Dodge: Dodged            ||    13

Table legend: (Time is in decaauts)
 A = Elapsed time spent in this place.
 B = Non-inter-level travel time spent in this place.
 C = Inter-level travel time spent in this place.
 D = Time resting spent in this place.
 E = Time spent auto-exploring this place.
 F = Levels seen in this place.
 G = Mean time per level.
                   A        B        C        D        E       F      G
               +--------+--------+--------+--------+--------+-----+--------+
         Total |    172 |    172 |      0 |      0 |     80 |   1 |  172.0 |
       Dungeon |    172 |    172 |      0 |      0 |     80 |   1 |  172.0 |
               +--------+--------+--------+--------+--------+-----+--------+

Top non-repeatable levels by time:
     D:1: 172 daAuts
